 Dungeon Crawl Stone Soup version 0.30-a0-1018-g25214051b3 (webtiles) character file.

Game seed: 13533716431846897534

410 cheesebisquit the Ducker (level 6, -8/70 HPs)
             Began as a Merfolk Hexslinger on Apr 7, 2023.
             Mangled by Duvessa
             ... wielding a +0 short sword
              (10 damage)
             ... on level 3 of the Dungeon.
             The game lasted 00:18:25 (4223 turns).

cheesebisquit the Ducker (Merfolk Hexslinger)       Turns: 4223, Time: 00:18:25

Health: -8/70      AC: 23    Str:  9 (11) XL:     6   Next: 89%
Magic:  9/9        EV:  2    Int: 13 (14) God:
Gold:   139        SH:  0    Dex: 13 (14) Spells: 0/10 levels left

rFire   . . .      SeeInvis .    (no weapon)
rCold   . . .      Faith    .    (no shield)
rNeg    . . .      Spirit   .    z - melded +1 robe {rC+}
rPois   +          Reflect  .    (helmet currently unavailable)
rElec   .          Rampage  .    (cloak currently unavailable)
rCorr   .          NoTele   +    (gloves currently unavailable)
Will    .....                    m - melded +0 pair of boots
Stlth   ++                       (no amulet)
HPRegen 0.31/turn                s - +5 ring of evasion
MPRegen 0.11/turn                (no ring)

@: brilliant, tree-form, attractive
A: stationary, stasis, torment immunity, boosted hp, (nimble swimmer 2),
(mertail)
a: no special abilities


You were on level 3 of the Dungeon.
You were a tree.
You visited 1 branch of the dungeon, and saw 4 of its levels.

You collected 202 gold pieces.
You spent 63 gold pieces at shops.

Inventory:

Hand Weapons
 a - a +1 sling
 h - a +0 dagger
 n - a +1 spear of venom
 y - a +1 dagger of speed
Armour
 m - a +0 pair of boots (melded)
 z - a +1 robe of cold resistance (melded)
Jewellery
 s - a +5 ring of evasion (left branch)
Wands
 w - a wand of flame (21)
 x - a wand of light (11)
Scrolls
 b - a scroll of poison
 f - a scroll of enchant armour {unknown}
 g - a scroll of silence {unknown}
 o - 3 scrolls of teleportation {unknown}
 p - a scroll of fog {unknown}
 u - 3 scrolls of identify {unknown}
 v - a scroll of enchant weapon {unknown}
Potions
 d - a potion of degeneration
 l - a potion of flight


   Skills:
 + Level 3.2 Fighting
 + Level 0.6 Short Blades
 - Level 2.7 Polearms
 - Level 1.5 Ranged Weapons
 + Level 4.5 Dodging
 + Level 3.0 Stealth
 + Level 2.6 Spellcasting
 + Level 4.1 Hexes


You couldn't memorise any spells.
You knew the following spells:

 Your Spells              Type           Power      Damage    Failure   Level
a - Slow                  Hex            72%        N/A       4%          1
b - Dazzling Flash        Conj/Hex       20%        N/A       30%         3
c - Inner Flame           Hex/Fire       10%        N/A       30%         3
d - Portal Projectile     Hex/Tloc       20%        N/A       30%         3

Your spell library contained the following spells:

 Spells                   Type           Power      Damage    Failure   Level
 Cause Fear               Hex            9%         N/A       41%         4
 Silence                  Hex/Air        5%         N/A       96%         5
 Agony                    Necr           2%         N/A       100%        5


Dungeon Overview and Level Annotations

Branches:
Dungeon (4/15)
 Temple: D:4-7

Altars:
Cheibriados

Shops:
D:1 [

Annotations:
D:3 Duvessa


Innate Abilities, Weirdness & Mutations

You are a tree.
Your roots penetrate the ground, keeping you stationary.
You cannot be teleported.
You are immune to unholy pain and torment.
Your maximum health is greatly increased.
Your equipment is partially melded.
((You are very nimble when in or above water. (Stealth+, EV+, Speed+++)))
((Your lower body shifts to a powerful aquatic tail in water.))


Message History

* * * LOW HITPOINT WARNING * * *
Duvessa hits you but does no damage.
You attack the rock wall.
You feel less invigorated.
You feel less confused. Duvessa hits you but does no damage.
It was a potion of brilliance.
You feel clever all of a sudden. Duvessa hits you with a +0 short sword.
* * * LOW HITPOINT WARNING * * *
Duvessa barely misses you.
It was a potion of curing.
You feel better. Duvessa hits you with a +0 short sword.
* * * LOW HITPOINT WARNING * * *
It was a potion of heal wounds.
You feel much better. Duvessa hits you but does no damage.
Duvessa hits you with a +0 short sword.
You hit Duvessa but do no damage.
Duvessa is lightly wounded.
Duvessa hits you with a +0 short sword.
You barely miss Duvessa.
Duvessa is lightly wounded.
Duvessa hits you but does no damage. x2
You hit Duvessa but do no damage.
Duvessa is lightly wounded.
Duvessa hits you with a +0 short sword.
You hit Duvessa.
Duvessa is lightly wounded.
Duvessa hits you with a +0 short sword! Duvessa hits you but does no damage.
You hit Duvessa.
Duvessa is lightly wounded.
Duvessa hits you with a +0 short sword!
* * * LOW HITPOINT WARNING * * *
You hit Duvessa but do no damage.
Duvessa is lightly wounded.
Duvessa hits you with a +0 short sword!
* * * LOW HITPOINT WARNING * * *
Duvessa hits you but does no damage.
You hit Duvessa but do no damage.
Duvessa is lightly wounded.
Duvessa hits you with a +0 short sword!
You die...

############
...........#
...........#
.♣♣♣♣♣♣♣♣..#########
.♣......♣..#.......#
.♣.♣♣♣♣.♣..#######.#
.♣.♣♣)♣.♣..#######.#
)♣.♣♣.♣.♣..#....♣e.#
.♣....♣.♣..#####.###
.♣♣♣♣♣♣.♣..# #.#
........♣..# #.#
...........#####.####
#########[###.......#
#...........# #####
#####.......# #...#
#.......#


You could see Duvessa (berserk).

Vanquished Creatures
  An ogre (D:4)
  A scorpion (D:4)
  Dowan (D:4)
  2 hounds (D:4)
  Terence (D:3)
  A gnoll (D:1)
  3 adders
  An ufetubus (D:4)
  6 worms
  3 dart slugs
  8 endoplasms
  5 giant cockroaches
  6 goblins
  10 hobgoblins
  4 jackals (D:1)
  2 quokkas (D:3)
  3 ball pythons
  5 bats
  A frilled lizard (D:3)
  3 kobolds
  6 rats (D:1)
73 creatures vanquished.

Vanquished Creatures (others)
  A fungus (D:3)
1 creature vanquished.

Grand Total: 74 creatures vanquished

Notes
Turn   | Place    | Note
-------+----------+-------------------------------------------
     0 | D:1      | cheesebisquit the Merfolk Hexslinger began the quest for
                  | the Orb.
     0 | D:1      | Reached XP level 1. HP: 15/15 MP: 2/2
   270 | D:1      | Reached XP level 2. HP: 21/21 MP: 3/3
   388 | D:1      | You fall into a shaft and drop 1 floor!
   468 | D:2      | Reached skill level 1 in Stealth
   888 | D:2      | Reached XP level 3. HP: 26/26 MP: 1/5
  1707 | D:1      | Found Torghol's Armour Shop.
  1771 | D:1      | Bought a +0 pair of boots for 63 gold pieces
  2006 | D:2      | Learned a level 3 spell: Dazzling Flash
  2242 | D:3      | Reached XP level 4. HP: 14/33 MP: 2/6
  2945 | D:3      | Noticed Terence
  2958 | D:3      | Killed Terence
  2959 | D:3      | Reached skill level 1 in Polearms
  3014 | D:3      | Reached XP level 5. HP: 39/39 MP: 5/8
  3185 | D:3      | Found a faded altar of an unknown god.
  3609 | D:4      | Noticed an ogre
  3618 | D:4      | Killed an ogre
  3619 | D:4      | Reached XP level 6. HP: 46/46 MP: 4/9
  3717 | D:4      | Found a snail-covered altar of Cheibriados.
  3914 | D:4      | Noticed Dowan
  3945 | D:4      | Killed Dowan
  4081 | D:3      | Learned a level 3 spell: Inner Flame
  4085 | D:3      | Learned a level 3 spell: Portal Projectile
  4110 | D:4      | Noticed Duvessa
  4222 | D:3      | HP: 1/70 [Duvessa/+0 short sword (11)]
  4223 | D:3      | Mangled by Duvessa

Illustrated notes

Levels and vault maps discovered:
D:1:      dpeg_arrival_simpleton_b, layout_basic, serial_shops,
          nicolae_shop_waterfront, supply_closet_lemuel
D:2:      layout_loops_cross
D:3:      layout_basic, shapermc_ecumenical_altar_hornbeckon,
          kennysheep_small_spiral, hangedman_feature_mirror,
          grunt_ministairs_12, uniq_terence
D:4:      layout_rooms, mainiacjoe_overflow_paths,
          mainiacjoe_overflow_six_doors_small, uniq_duvessa,
          uniq_crazy_yiuf_cottage

Skill      XL: |  1  2  3  4  5  6 |
---------------+-------------------+-----
Dodging        | 3 4 |  4.5
Stealth        | 1 2 3 |  3.0
Fighting       | 2 3 |  3.2
Polearms       | 1 2 |  2.7
Spellcasting   | 2 |  2.6
Hexes          | 4 |  4.1
Short Blades   | |  0.6
Ranged Weapons | |  1.5

Action                     |  1- 3 |  4- 6 || total
---------------------------+-------+-------++-------
  Melee: Dagger            |    14 |     8 ||    22
         Spear             |     9 |   140 ||   149
         Tailslap          |       |     1 ||     1
         Punch             |       |     1 ||     1
         Unarmed           |       |    12 ||    12
   Fire: Sling             |   139 |       ||   139
   Cast: Slow              |    66 |    62 ||   128
         Dazzling Flash    |     1 |     5 ||     6
  Evoke: Wand              |       |     1 ||     1
    Use: Potion            |       |     9 ||     9
   Stab: Invisible         |     2 |       ||     2
         Sleeping          |       |    10 ||    10
 Armour: Robe              |    23 |    17 ||    40
         Skin              |       |    15 ||    15
  Dodge: Dodged            |    70 |   103 ||   173

Table legend: (Time is in decaauts)
 A = Elapsed time spent in this place.
 B = Non-inter-level travel time spent in this place.
 C = Inter-level travel time spent in this place.
 D = Time resting spent in this place.
 E = Time spent auto-exploring this place.
 F = Levels seen in this place.
 G = Mean time per level.
                   A        B        C        D        E       F      G
               +--------+--------+--------+--------+--------+-----+--------+
         Total |   4268 |   4097 |    171 |    240 |   3000 |   4 | 1067.0 |
       Dungeon |   4268 |   4097 |    171 |    240 |   3000 |   4 | 1067.0 |
               +--------+--------+--------+--------+--------+-----+--------+

Top non-repeatable levels by time:
     D:1: 1394 daAuts
     D:3: 1323 daAuts
     D:2: 980 daAuts
     D:4: 569 daAuts
